Map: Solaris LE

Players

Fonsder - Winner!

  • Race: Terran Terran
  • League: Platinum
  • Spawn Location: 1:00

SubN

  • Race: Zerg Zerg
  • League: Diamond
  • Spawn Location: 7:00

VOD

Have the link to the VOD?

Description

Time

  • Played on: Dec. 26, 2023, 5:25 p.m.
  • Length: 27:51
Show
View Real Time Build Order
Export as new Build Order

Fonsder Terran - Winner!

Build Orders: 1/1/1 

Get SALT Encoding   

  12  0:00  SCV  
  13  0:16  Supply Depot  
  13  0:17  SCV  
  14  0:24  Refinery  
  14  0:29  SCV  
  15  0:41  Barracks  
  15  0:45  SCV  
  16  0:57  SCV  
  17  1:09  SCV  
  18  1:21  SCV  
  19  1:32  Command Center  
  19  1:41  Factory  
  19  1:48  Refinery  
  19  1:50  Marine  
  20  2:02  Orbital Command  
  20  2:08  Marine  
  21  2:24  Factory Tech Lab  
  21  2:27  Starport  
  21  2:34  Marine  
  22  2:39  SCV  
  23  2:48  Siege Tank  
  26  2:52  Marine  
  26  2:54  SCV  
  26  2:57  SCV  
  27  3:05  Medivac  
  31  3:19  Marine  
  31  3:27  SCV x2  
  31  3:29  Siege Tank  
  35  3:44  Marine  
  35  3:46  Supply Depot  
  37  3:48  SCV x2  
  38  4:08  SCV x2  
  38  4:09  Supply Depot  
  40  4:20  SCV x2  
  40  4:21  Supply Depot  
  40  4:23  Supply Depot  
  42  4:26  Marine  
  42  4:30  Medivac  
  45  4:33  Supply Depot, SCV  
  46  4:39  Orbital Command  
  46  4:44  Marine  
  47  4:48  Siege Tank  
  50  5:02  Medivac  
  50  5:04  Marine  
  53  5:13  SCV x2  
  55  5:21  Engineering Bay  
  55  5:22  Marine  
  55  5:24  Siege Tank  
  55  5:25  SCV  
  55  5:26  SCV  
  61  5:31  Barracks  
  61  5:38  SCV x2  
  61  5:40  Marine  
  64  5:49  Barracks  
  64  5:56  Siege Tank  
  67  5:58  Marine  
  68  6:09  SCV  
  68  6:10  SCV  
  70  6:16  Marine  
  68  6:28  Siege Tank  
  69  6:48  Barracks Tech Lab x2  
  68  6:56  Barracks Reactor  
  68  6:58  SCV x2  
  68  7:00  Barracks  
  70  7:03  Refinery, Barracks  
  70  7:04  Starport Reactor  
  70  7:05  Refinery, Siege Tank  
  70  7:07  Supply Depot  
  73  7:15  Missile Turret  
  73  7:16  Stimpack, Combat Shield  
  73  7:30  Supply Depot  
  73  7:35  Missile Turret  
  73  7:40  Terran Infantry Weapons Level 1  
  73  7:43  Engineering Bay  
  73  7:48  Supply Depot  
  73  7:56  Missile Turret  
  73  8:04  Barracks Reactor x2  
  77  8:13  Marauder x2  
  77  8:15  Marine x2  
  79  8:20  Command Center  
  79  8:21  Medivac  
  81  8:28  Supply Depot  
  81  8:33  Supply Depot, Marine x2  
  87  8:34  Marauder x2, Terran Infantry Armor Level 1  
  87  8:35  Supply Depot, Concussive Shells  
  87  8:40  Armory  
  87  8:45  Marine  
  87  8:46  Marine x3  
  91  8:49  Medivac  
  91  8:51  Marine x2  
  91  8:52  Supply Depot  
  99  8:55  Marauder x2  
  99  9:03  Marine x2  
  99  9:04  Marine x2  
  99  9:09  Marine  
  104  9:10  Supply Depot  
  104  9:12  Supply Depot  
  104  9:13  Marine  
  104  9:16  Supply Depot  
  109  9:17  Marauder x2  
  109  9:21  Marine x2  
  111  9:28  Marine x3  
  111  9:31  Marine  
  114  9:38  Marauder x2  
  119  9:59  Marauder  
  123  10:00  Marauder  
  123  10:09  Marine x2  
  123  10:10  Marine x4  
  129  10:20  Marine  
  129  10:21  Marauder  
  123  10:27  Marine x3  
  123  10:28  Marine x3  
  80  10:33  Siege Tank  
  79  10:38  Marine  
  79  10:42  Marine  
  72  10:45  Marine x4  
  72  10:46  Marine x2  
  77  10:56  Marine  
  78  10:57  Factory  
  78  11:01  Terran Infantry Armor Level 2, Terran Infantry Weapons Level 2  
  78  11:03  Terran Vehicle Weapons Level 1  
  78  11:04  Factory  
  78  11:05  Siege Tank  
  66  11:37  Siege Tank  
  66  11:38  SCV x2  
  71  11:46  Orbital Command  
  71  11:50  SCV x2  
  73  11:55  Factory Tech Lab  
  73  11:56  Factory Tech Lab  
  73  12:02  SCV x2  
  73  12:04  Medivac x2  
  79  12:09  Siege Tank  
  79  12:14  SCV x2  
  84  12:19  Siege Tank x2  
  90  12:32  Marauder  
  90  12:33  Marauder, Marine x3  
  90  12:34  Medivac x2  
  101  12:39  SCV x2  
  101  12:40  SCV  
  101  12:41  Siege Tank  
  107  12:45  Refinery x2  
  107  12:51  SCV x2, Siege Tank x2  
  110  12:52  SCV  
  110  12:54  Marauder x2  
  120  13:03  SCV  
  121  13:12  SCV x2  
  123  13:15  Marauder, SCV  
  126  13:20  Supply Depot  
  126  13:24  SCV  
  126  13:25  Siege Tank x3  
  136  13:32  Sensor Tower  
  136  13:37  Viking  
  136  13:38  Viking  
  140  13:42  Supply Depot  
  140  13:54  Missile Turret  
  140  14:05  Supply Depot  
  134  14:23  Marine  
  134  14:24  Marine x7  
  110  14:36  Siege Tank  
  110  14:37  Siege Tank x2  
  115  14:40  Terran Infantry Weapons Level 3  
  115  14:41  Marine  
  115  14:42  Marine x7  
  123  14:56  Command Center  
  123  14:59  Marine x7  
  124  15:00  Supply Depot, Marine  
  124  15:06  Terran Vehicle Weapons Level 2  
  131  15:08  Siege Tank  
  131  15:09  Siege Tank x2, Armory  
  140  15:17  Marine x4  
  144  15:41  Siege Tank  
  150  15:42  Siege Tank  
  150  15:43  Siege Tank  
  153  15:57  Supply Depot  
  153  16:13  Siege Tank  
  153  16:15  Siege Tank  
  149  16:44  SCV x2  
  149  16:45  SCV  
  152  16:48  Planetary Fortress  
  152  16:56  SCV x2  
  154  17:05  Supply Depot  
  153  17:15  Supply Depot x2  
  151  17:27  Supply Depot  
  151  17:34  SCV x4  
  155  17:38  Thor x3  
  155  17:39  Supply Depot  
  173  17:46  Refinery, SCV x4  
  173  17:47  Refinery  
  173  17:50  Supply Depot  
  177  18:10  Supply Depot  
  177  18:12  Supply Depot  
  177  18:13  Supply Depot  
  177  18:20  Thor  
  177  18:21  Thor x2  
  195  18:33  Supply Depot  
  195  18:34  Supply Depot x2  
  195  18:37  Supply Depot  
  178  18:54  Supply Depot  
  178  18:55  Supply Depot  
  178  18:56  Supply Depot  
  178  19:03  Thor x2  
  178  19:04  Thor  
  196  19:11  Sensor Tower  
  196  19:17  Supply Depot  
  196  19:18  Supply Depot  
  196  19:31  Terran Vehicle And Ship Armor Level 1, Terran Vehicle Weapons Level 3  
  196  19:32  Missile Turret  
  196  19:33  Terran Infantry Armor Level 3  
  196  19:46  Siege Tank  
  153  20:18  Supply Depot x2  
  153  20:20  Supply Depot  
  153  20:22  Supply Depot  
  153  20:33  Missile Turret  
  153  20:36  Siege Tank  
  153  20:37  Siege Tank x2  
  162  21:08  Siege Tank  
  165  21:13  Thor x2  
  177  21:40  Thor  
  183  21:48  Missile Turret  
  183  21:50  Missile Turret  
  183  21:52  Missile Turret  
  183  21:56  Thor x2  
  183  21:57  Terran Vehicle And Ship Armor Level 2  
  183  21:58  Neosteel Armor  
  195  22:22  Missile Turret  
  192  22:38  Thor  
  194  23:38  Command Center x2  
  188  25:01  Siege Tank  
  188  25:02  Siege Tank x2  
  188  25:05  Marine x8  
  184  25:22  Marine  
  184  25:23  Marine x7  
  192  25:33  Siege Tank  
  192  25:34  Siege Tank  
  198  25:40  Marine  
  198  25:41  Marine  
  189  25:57  Marine  
  189  25:58  Marine x6  
  189  25:59  Marine  
  197  26:04  Medivac  
  199  26:15  Marine  
  164  26:42  Marine  
  164  26:43  Marine x7  
  171  27:00  Marine, Medivac x2  
  171  27:01  Marine x7  
  171  27:18  Marine x5  
Show
View Real Time Build Order
Export as new Build Order

SubN Zerg 

Build Orders: Pool First, Lurkers 

Get SALT Encoding   

  12  0:00  Drone  
  13  0:12  Overlord  
  13  0:16  Drone  
  14  0:30  Drone x2  
  16  0:37  Drone  
  16  0:39  Extractor  
  16  0:44  Drone  
  17  0:51  Spawning Pool  
  16  1:00  Drone  
  17  1:06  Drone  
  18  1:22  Hatchery  
  18  1:24  Drone  
  18  1:28  Drone  
  19  1:39  Queen  
  21  1:46  Metabolic Boost  
  21  1:53  Overlord  
  21  1:59  Zergling x2  
  22  2:14  Queen  
  24  2:19  Zergling x4  
  26  2:29  Zergling x2  
  27  2:38  Zergling x2  
  28  2:55  Overlord  
  27  3:12  Queen  
  25  3:28  Drone x8  
  25  3:32  Baneling Nest  
  25  3:34  Overlord  
  32  3:37  Overlord  
  32  3:39  Overlord  
  32  3:46  Pneumatized Carapace  
  32  3:49  Drone x4  
  36  3:59  Overlord  
  36  4:01  Overlord  
  36  4:06  Hatchery  
  35  4:13  Drone x3  
  35  4:14  Drone  
  35  4:17  Drone  
  40  4:18  Drone  
  40  4:23  Queen  
  43  4:33  Drone  
  43  4:34  Drone x3  
  47  4:39  Extractor  
  47  4:40  Extractor  
  47  4:41  Drone x2  
  47  4:42  Drone x2  
  49  4:53  Zergling x6  
  49  4:54  Zergling x2  
  53  5:17  Drone x7  
  53  5:19  Queen  
  53  5:20  Overlord  
  53  5:21  Overlord x2  
  62  5:29  Zergling x6  
  62  5:31  Baneling x8  
  62  5:35  Lair  
  65  5:36  Drone x3  
  65  5:41  Extractor  
  67  5:43  Evolution Chamber  
  67  5:44  Drone x2  
  67  5:46  Evolution Chamber  
  67  5:48  Drone x2  
  69  5:50  Drone  
  69  5:51  Drone  
  69  5:53  Drone  
  72  6:04  Zergling x10  
  65  6:32  Spawning Pool  
  62  6:44  Drone x3  
  65  6:53  Drone x7  
  72  6:59  Centrifugal Hooks  
  72  7:01  Zerg Missile Weapons Level 1  
  72  7:02  Zerg Ground Armor Level 1  
  72  7:09  Overlord  
  72  7:11  Hydralisk Den  
  72  7:12  Overlord  
  72  7:14  Overlord  
  71  7:20  Queen x2  
  71  7:21  Queen  
  77  7:27  Extractor  
  77  7:28  Extractor  
  75  7:35  Drone x5  
  80  7:41  Spore Crawler  
  80  7:43  Spore Crawler  
  78  7:44  Drone x2  
  78  7:45  Drone  
  78  7:46  Drone  
  82  7:55  Spine Crawler  
  82  7:56  Hydralisk x7  
  95  7:59  Baneling  
  95  8:00  Baneling x5  
  95  8:19  Muscular Augments  
  95  8:20  Hydralisk x2  
  95  8:23  Zergling x2  
  95  8:24  Zergling x12  
  106  8:32  Hatchery  
  105  8:41  Spore Crawler  
  104  8:42  Drone x2  
  104  8:43  Drone x7  
  113  8:53  Extractor  
  113  8:54  Overlord  
  112  8:57  Extractor  
  111  9:11  Drone  
  112  9:18  Zergling x2, Infestation Pit  
  112  9:19  Zergling x22  
  112  9:23  Grooved Spines  
  123  9:30  Lurker Den  
  122  9:33  Zerg Missile Weapons Level 2  
  122  9:34  Zerg Ground Armor Level 2  
  122  9:43  Zergling x16  
  130  9:54  Baneling  
  130  9:55  Baneling x10  
  130  9:56  Baneling x4  
  130  9:57  Hydralisk x3  
  130  9:59  Hatchery  
  135  10:00  Overseer  
  114  10:32  Zergling x8  
  114  10:33  Zergling x24  
  119  10:46  Queen  
  119  10:47  Drone x3  
  119  10:48  Drone x3  
  119  10:49  Drone  
  129  10:50  Drone  
  129  10:53  Hive  
  129  11:00  Zergling x2  
  129  11:01  Zergling x10  
  135  11:07  Baneling x2  
  135  11:08  Baneling x15  
  135  11:09  Baneling  
  135  11:10  Zergling x2, Overlord x3  
  135  11:11  Overlord x2  
  136  11:14  Overseer  
  109  11:33  Zergling x6  
  109  11:34  Zergling x18  
  109  11:35  Queen  
  109  11:38  Drone x2  
  125  11:44  Hydralisk  
  125  11:45  Hydralisk x4  
  135  11:51  Infestor x5  
  145  11:56  Burrow  
  145  12:08  Hydralisk x8  
  145  12:09  Hydralisk x2  
  165  12:17  Baneling x2  
  165  12:18  Baneling x4  
  165  12:23  Zergling x6  
  165  12:24  Zergling x2  
  165  12:28  Drone x2  
  171  12:31  Overlord x6  
  171  12:55  Seismic Spines  
  170  13:04  Hydralisk  
  169  13:07  Hydralisk  
  169  13:09  Hydralisk  
  169  13:10  Hydralisk  
  169  13:12  Hydralisk  
  177  13:18  Drone x4  
  177  13:19  Drone x2  
  183  13:36  Zergling x2, Extractor  
  183  13:37  Zergling x34  
  183  13:39  Extractor  
  199  13:52  Adaptive Talons  
  199  13:53  Drone  
  200  13:59  Hatchery  
  200  14:02  Lurker  
  127  14:33  Zergling x2  
  127  14:34  Zergling x40  
  144  14:44  Lurker  
  145  14:46  Lurker  
  145  14:48  Lurker  
  145  14:50  Lurker  
  148  15:13  Hydralisk x14, Overlord  
  148  15:14  Hydralisk x5  
  164  15:18  Zerg Missile Weapons Level 3  
  164  15:19  Zerg Ground Armor Level 3  
  164  15:21  Queen  
  188  15:34  Overseer  
  188  15:38  Baneling x15  
  188  15:39  Baneling x12  
  188  15:41  Zergling x2  
  188  15:42  Zergling x22  
  200  15:56  Neural Parasite  
  200  16:13  Overseer  
  127  16:40  Zergling x8  
  131  16:51  Hydralisk x2  
  131  16:52  Hydralisk x18  
  171  16:59  Ultralisk Cavern  
  170  17:21  Zergling x14  
  170  17:22  Zergling x54  
  194  17:56  Zerg Melee Weapons Level 1  
  194  18:11  Overseer  
  194  18:16  Baneling x4  
  194  18:17  Baneling x23  
  194  18:23  Anabolic Synthesis  
  194  18:27  Unknown, Hatchery  
  118  18:50  Ultralisk  
  118  18:51  Ultralisk x4  
  118  18:52  Ultralisk  
  118  18:53  Hydralisk  
  118  18:54  Zergling x16  
  118  18:55  Zergling x60  
  189  18:56  Zergling x12  
  200  19:06  Chitinous Plating  
  200  19:26  Baneling x11  
  200  19:27  Baneling x17  
  200  19:28  Baneling  
  200  19:29  Baneling x20  
  136  20:08  Viper x5  
  136  20:09  Viper  
  136  20:11  Viper  
  136  20:14  Ultralisk x4  
  181  20:16  Zergling x2  
  181  20:17  Zergling x36  
  197  21:31  Zergling x4  
  196  21:42  Extractor  
  196  21:43  Extractor  
  196  21:46  Spine Crawler  
  193  21:47  Overseer, Spine Crawler  
  193  21:52  Overseer  
  192  21:55  Overseer  
  192  21:56  Overseer x2  
  192  21:58  Overseer x2  
  192  22:06  Zergling x16  
  189  24:15  Zerg Melee Weapons Level 2  
  189  24:17  Adrenal Glands  
  111  25:19  Swarm Host x5  
  111  25:20  Swarm Host x6  
  111  25:21  Swarm Host  
  144  25:26  Hydralisk x5  
  144  25:27  Hydralisk x7  
  171  25:29  Zergling x2, Roach Warren  
  171  25:30  Zergling x30  
  174  25:59  Zergling x8  
  178  26:06  Overlord x5  
  178  26:07  Overlord x4  
  178  26:24  Overlord x3  
  178  26:26  Roach x9  
  178  26:27  Roach x2  
  161  26:41  Roach x7  
  163  26:54  Zergling x2  
  163  26:55  Zergling x26  
  127  27:21  Zergling x2  
  127  27:22  Zergling x28  
  157  27:30  Drone  
Tags
 
Composition
Lurkers
Matchup
TvZ
Replay Pack
2025 replay dump
Spawn Locations
Cross Positions
Add a new tag
Caveats
  • Supply blocks, unpowered buildings, or Contaminate may cause inaccurate times.
  • Supply counts are checked every 10 seconds.